 Dungeon Crawl Stone Soup version 0.29-a0-414-g5075937ec3 (webtiles) character file.

Game seed: 8585959071141981956

30 xian the Skirmisher (level 3, 0/23 HPs)
             Began as a Gargoyle Monk on May 15, 2022.
             Slain by a scorpion (5 damage)
             ... on level 2 of the Dungeon.
             The game lasted 00:04:53 (1277 turns).

xian the Skirmisher (Gargoyle Monk)                 Turns: 1277, Time: 00:04:54

Health: 0/23       AC:  5    Str: 16    XL:     3   Next: 20%
Magic:  3/3        EV: 12    Int: 10    God:
Gold:   70         SH:  0    Dex: 12    Spells: 2/2 levels left

rFire   . . .      SeeInvis .   d - +3 spear
rCold   . . .      Faith    .   (no shield)
rNeg    + + .      Spirit   .   a - +0 robe
rPois   ∞          Reflect  .   (no helmet)
rElec   +          Harm     .   (no cloak)
rCorr   .          Rampage  .   (no gloves)
Will    .....                   (no boots)
Stlth   ++........              (no amulet)
HPRegen 0.07/turn               f - ring of positive energy
MPRegen 0.08/turn               (no ring)

@: no status effects
A: sickness immunity, AC +3, negative energy resistance 1, electricity
resistance, torment resistance 1, petrification resistance
a: no special abilities


You were on level 2 of the Dungeon.
You visited 1 branch of the dungeon, and saw 2 of its levels.

You collected 70 gold pieces.

Inventory:

Hand Weapons
 d - a +3 spear (weapon)
Armour
 a - a +0 robe (worn)
Jewellery
 f - a ring of positive energy (left hand)
 i - a ring of protection from fire
Scrolls
 g - a scroll of identify {unknown}
Potions
 b - 2 potions of ambrosia
 c - a potion of curing {unknown}
 e - a potion of magic {unknown}
 h - a potion of attraction {unknown}


   Skills:
 + Level 3.6 Fighting
 + Level 0.6 Polearms
 + Level 2.7 Dodging
 + Level 2.5 Stealth
 + Level 3.3 Unarmed Combat


You had 2 spell levels left.
You didn't know any spells.
Your spell library was empty.

Dungeon Overview and Level Annotations

Branches:
Dungeon (2/15)

Altars:

Shops:
D:2 =


Innate Abilities, Weirdness & Mutations

You are immune to sickness and miasma.
Your stone body is resilient. (AC +3)
You are immune to poison.
You resist negative energy. (rN+)
You are resistant to electric shocks. (rElec)
You are resistant to unholy torment.
You are immune to petrification.


Message History

Found an escape hatch in the ceiling.
There is an entrance to Mucruf's Jewellery Emporium here.
There is an escape hatch in the ceiling here.
There is an entrance to Mucruf's Jewellery Emporium here.
A worm and a scorpion come into view.
The worm barely misses you.
You hit the worm.
The worm is lightly wounded.
The worm closely misses you.
You hit the worm.
The worm is moderately wounded.
You hit the worm.
The worm is moderately wounded.
The worm closely misses you.
You hit the worm.
The worm is heavily wounded.
The worm bites you but does no damage.
You hit the worm.
The worm is severely wounded.
The scorpion stings you. x2
You hit the worm.
The worm is almost dead.
The scorpion stings you. The worm bites you! The scorpion closely misses you.
You hit the scorpion.
The scorpion is moderately wounded.
The scorpion closely misses you.
You hit the worm.
You kill the worm!
The scorpion barely misses you.
The scorpion stings you but does no damage.
You barely miss the scorpion.
You punch the scorpion, but do no damage.
The scorpion is moderately wounded.
The scorpion stings you.
* * * LOW HITPOINT WARNING * * *
You barely miss the scorpion.
The scorpion is moderately wounded.
The scorpion stings you.
You die...

#<..# ... ###.#
... #.# ..### #.#
.... # #.######
... .# # #......#
#.###.# ..
######.#
#.....#... #.#
#.s.......
#.###@........
####.............
#................
#.#.#####...#....
#.8.∩.<.8...+ ...
#########...# ..
#...# . #####


You could see a scorpion.

Vanquished Creatures
  A worm (D:2)
  A dart slug (D:1)
  4 bats (D:1)
  5 endoplasms
  A giant cockroach (D:1)
  2 goblins (D:1)
  A kobold (D:1)
  A quokka (D:1)
  2 ball pythons (D:1)
  4 frilled lizards (D:1)
  2 rats (D:1)
24 creatures vanquished.

Notes
Turn   | Place    | Note
-------+----------+-------------------------------------------
     0 | D:1      | xian the Gargoyle Monk began the quest for the Orb.
     0 | D:1      | Reached XP level 1. HP: 14/14 MP: 1/1
   377 | D:1      | Reached XP level 2. HP: 15/19 MP: 2/2
  1010 | D:1      | Reached XP level 3. HP: 20/23 MP: 3/3
  1246 | D:2      | Found Mucruf's Jewellery Emporium.
  1260 | D:2      | Noticed a scorpion
  1277 | D:2      | Slain by a scorpion

Illustrated notes

Levels and vault maps discovered:
D:1:      lemuel_arrival_lava_pool, layout_basic
D:2:      layout_basic, shapermc_ecumenical_altar_acropolis, serial_shops,
          shop_statue, minmay_fountain_box

Action                   || total
-------------------------++-------
Melee: Spear             ||    67
       Punch             ||     2
 Stab: Sleeping          ||     2
Armor: Robe              ||    25
Dodge: Dodged            ||    23

Table legend: (Time is in decaauts)
 A = Elapsed time spent in this place.
 B = Non-inter-level travel time spent in this place.
 C = Inter-level travel time spent in this place.
 D = Time resting spent in this place.
 E = Time spent auto-exploring this place.
 F = Levels seen in this place.
 G = Mean time per level.
                   A        B        C        D        E       F      G
               +--------+--------+--------+--------+--------+-----+--------+
         Total |   1281 |   1252 |     29 |    208 |    640 |   2 |  640.5 |
       Dungeon |   1281 |   1252 |     29 |    208 |    640 |   2 |  640.5 |
               +--------+--------+--------+--------+--------+-----+--------+

Top non-repeatable levels by time:
     D:1: 1230 daAuts
     D:2: 50 daAuts
